 Dungeon Crawl Stone Soup version 0.29.1-1-gd02db6906a (webtiles) character file.

Game seed: 7550723385947070283

71 vvl the Stinger (level 4, -2/31 HPs)
             Began as a Demonspawn Venom Mage on Oct 17, 2022.
             Was a Believer of Cheibriados.
             Slain by Grinder (6 damage)
             ... while paralysed by Grinder
             ... on level 3 of the Dungeon.
             The game lasted 00:04:59 (2960 turns).

vvl the Stinger (Demonspawn Venom Mage)             Turns: 2960, Time: 00:04:59

Health: -2/31      AC: 10    Str: 14    XL:     4   Next: 5%
Magic:  4/7        EV:  2    Int: 23    God:    Cheibriados [**....]
Gold:   101        SH:  0    Dex: 18    Spells: 6/7 levels left

rFire   . . .      SeeInvis .   f - +0 rapier (venom)
rCold   . . .      Faith    .   (no shield)
rNeg    . . .      Spirit   .   l - +0 leather armour
rPois   .          Reflect  .   (helmet restricted)
rElec   .          Harm     .   (no cloak)
rCorr   .          Rampage  .   (no gloves)
Will    .....                   g - +0 pair of boots
Stlth   ++........              (no amulet)
HPRegen 0.10/turn               (no ring)
MPRegen 0.10/turn               (no ring)

@: paralysed, sanguine armoured, very slow
A: antennae 1, powered by pain 1, sanguine armour 1
a: Renounce Religion, Bend Time


You were on level 3 of the Dungeon.
You worshipped Cheibriados.
Cheibriados was pleased with you.
You visited 1 branch of the dungeon, and saw 3 of its levels.

You collected 101 gold pieces.

Inventory:

Hand Weapons
 f - a +0 rapier of venom (weapon)
Armour
 g - a +0 pair of boots (worn)
 l - a +0 leather armour (worn)
Jewellery
 m - an amulet of the acrobat
Scrolls
 c - 3 scrolls of teleportation {unknown}
 d - 5 scrolls of identify {unknown}
 e - a scroll of amnesia {unknown}
 h - a scroll of fog {unknown}
 j - a scroll of enchant armour {unknown}
Potions
 a - 2 potions of heal wounds {unknown}
 b - a potion of magic
 i - 2 potions of resistance {unknown}
 k - a potion of curing {unknown}
 n - a potion of lignification {unknown}


   Skills:
 + Level 0.9 Fighting
 + Level 0.9 Armour
 - Level 2.0 Dodging
 - Level 2.0 Stealth
 + Level 2.3 Spellcasting
 + Level 1.1 Necromancy
 + Level 1.4 Transmutations
 * Level 3.5 Poison Magic


You had 6 spell levels left.
You knew the following spells:

 Your Spells              Type           Power      Damage    Failure   Level
a - Sting                 Tmut/Pois      56%        1d5       5%          1

Your spell library contained the following spells:

 Spells                   Type           Power      Damage    Failure   Level
 Poisonous Vapours        Pois/Air       20%        N/A       11%         2
 Static Discharge         Conj/Air       2%         3-4/arc   22%         2
 Mephitic Cloud           Conj/Pois/Air  8%         N/A       28%         3
 Olgreb's Toxic Radiance  Pois           19%        N/A       34%         4
 Flame Wave               Conj/Fire      2%         2d4       83%         4
 Lee's Rapid Deconstruct  Erth           1%         3d5*      99%         5


Dungeon Overview and Level Annotations

Branches:
Dungeon (3/15)

Altars:
Cheibriados

Annotations:
D:3 Grinder


Innate Abilities, Weirdness & Mutations

You have a pair of small antennae on your head.
You sometimes gain a little power by taking damage.
When seriously injured, your blood forms armour. (AC +6)


Message History

The ball python bites you but does no damage.
The ball python closely misses you.
You hit the ball python.
The ball python is poisoned.
The ball python is severely wounded.
You kill the ball python!
Cheibriados appreciates the change of pace.
Cheibriados raises the support of your attributes as your movement slows.
Grinder gestures at you.
You suddenly lose the ability to move!
Grinder hits you.
You writhe in agony.
You can move again.
You hit Grinder but do no damage. Grinder closely misses you.
Grinder blinks!
Grinder blinks!
Grinder gestures at you. You resist with significant effort.
Grinder says, "You look like you could use a good racking."
Grinder grins, showing sharp teeth.
The sting misses Grinder.
The sting misses Grinder.
Grinder gestures at you. Pain shoots through your body!
Your blood congeals into armour.
You are too injured to fight recklessly!
You closely miss Grinder. Grinder gestures at you.
You barely resist.
Casting: Sting (safe; 5% risk of failure)
Confirm with . or Enter, or press ? or * to list all spells.
Aiming: Sting (safe; 5% risk of failure)
Press: ? - help, Shift-Dir - straight line, f/p - Grinder
Aim: Grinder (68% to hit)
The sting hits Grinder.
Grinder partially resists.
Grinder is poisoned.
Grinder is lightly wounded.
Grinder gestures at you.
You suddenly lose the ability to move!
Grinder hits you.
You writhe in agony.
Grinder hits you but does no damage. Grinder hits you!
* * * LOW HITPOINT WARNING * * *
You writhe in agony.
You die...

# ##### # ### #...# #
....##...#### #........##
#######...#...
.....####.>..#
..################......(..#
........##5@..|.............
........†..##############...
...####.#### .......
............# ..###.#.
..........#.... #.#.
#.#.#.###... .. #.## ......
.... #. # #.#.#. ##### #
..... ##


You could see Grinder (poisoned).

Vanquished Creatures
  An adder (D:3)
  A river rat (D:3)
  An ufetubus (D:3)
  2 worms
  An orc (D:3)
  7 bats
  2 endoplasms (D:1)
  8 giant cockroaches
  A goblin (D:2)
  4 hobgoblins
  2 quokkas
  3 ball pythons
  5 frilled lizards
  A kobold (D:1)
  2 rats
41 creatures vanquished.

Notes
Turn   | Place    | Note
-------+----------+-------------------------------------------
     0 | D:1      | vvl the Demonspawn Venom Mage began the quest for the Orb.
     0 | D:1      | Reached XP level 1. HP: 13/13 MP: 3/3
   333 | D:1      | Reached skill level 1 in Transmutations
   377 | D:1      | Gained mutation: You have a pair of small antennae on your
                  | head. [demonic ancestry]
   377 | D:1      | Reached XP level 2. HP: 19/19 MP: 3/5
   876 | D:1      | Got the Discourse on the Salvo and the Rocks
  1175 | D:1      | Found a faded altar of an unknown god.
  1248 | D:1      | Prayed at the altar of an unknown god.
  1248 | D:1      | Became a worshipper of Cheibriados the Contemplative
  1248 | D:1      | Reached * piety under Cheibriados
  1974 | D:2      | Gained mutation: You sometimes gain a little power by
                  | taking damage. [demonic ancestry]
  1974 | D:2      | Reached XP level 3. HP: 25/25 MP: 6/6
  2261 | D:3      | Reached skill level 1 in Necromancy
  2263 | D:3      | Reached ** piety under Cheibriados
  2708 | D:3      | Gained mutation: When seriously injured, your blood forms
                  | armour. (AC +6) [demonic ancestry]
  2708 | D:3      | Reached XP level 4. HP: 15/31 MP: 7/7
  2940 | D:3      | Noticed Grinder
  2944 | D:3      | Paralysed by Grinder for 3 turns
  2957 | D:3      | Paralysed by Grinder for 5 turns
  2960 | D:3      | Slain by Grinder

Illustrated notes

Levels and vault maps discovered:
D:1:      minmay_arrival_semitransparent, layout_basic,
          shapermc_ecumenical_altar_pompeii
D:2:      layout_basic
D:3:      layout_rooms, gammafunk_temple_overflow_statue,
          biasface_ghost_orc_armoury, gup_sewer_entry_spiral,
          dreamdust_wishing_well, moated_statue, palyth_stone_intersect,
          glass_columns_b, minmay_ogre_servants, uniq_grinder

Skill      XL: |  1  2  3 |
---------------+----------+-----
Transmutations | 1 |  1.4
Stealth        | 2 |  2.0
Dodging        | 2 |  2.0
Necromancy     | 1 |  1.1
Fighting       | |  0.9
Armour         | |  0.9
Spellcasting   | |  2.3
Poison Magic   | |  3.5

Action                   |  1- 3 |  4- 6 || total
-------------------------+-------+-------++-------
Melee: Unarmed           |    23 |       ||    23
       Rapier            |    88 |     6 ||    94
 Cast: Sting             |    26 |     3 ||    29
 Stab: Sleeping          |     1 |       ||     1
Armor: Robe              |    21 |       ||    21
       Leather armour    |    16 |     2 ||    18
Dodge: Dodged            |    92 |     5 ||    97
